 Dungeon Crawl Stone Soup version 0.28-a0-1234-g826d19b2e0 (webtiles) character file.

Game seed: 13587935296525039625

18028 wakim the Grappler (level 12, -6/119 HPs)
             Began as a Troll Fighter on Dec 23, 2021.
             Was an Elder of Qazlal.
             Mangled by an orc knight (32 damage)
             ... on level 2 of the Orcish Mines.
             The game lasted 00:46:06 (10336 turns).

wakim the Grappler (Troll Fighter)                 Turns: 10336, Time: 00:46:07

Health: -6/119     AC: 11    Str: 27    XL:     12   Next: 24%
Magic:  0/16       EV: 10    Int:  4    God:    Qazlal [****..]
Gold:   1280       SH: 15    Dex: 13    Spells: 11/11 levels left

rFire   . . .      SeeInvis +     - Unarmed
rCold   . . .      Faith    .   b - +0 kite shield
rNeg    + . .      Spirit   +   G - +0 steam dragon scales
rPois   .          Reflect  .   I - +2 hat {Will+}
rElec   .          Harm     .   E - +1 cloak
rCorr   .          Rampage  .   (gloves unavailable)
Will    +....                   (boots unavailable)
Stlth   +.........              S - amulet of guardian spirit
HPRegen 1.09/turn               U - ring of see invisible
MPRegen 0.15/turn               O - ring of positive energy

@: about to teleport, repel missiles
A: large, unfitting armour, claws 3, regeneration 1, shaggy fur 1, tough skin 1
a: Renounce Religion, Upheaval, Elemental Force


You were on level 2 of the Orcish Mines.
You worshipped Qazlal.
Qazlal was greatly pleased with you.
You visited 3 branches of the dungeon, and saw 13 of its levels.

You collected 1364 gold pieces.
You spent 84 gold pieces at shops.

Inventory:

Missiles
 B - 6 silver javelins
 J - 8 throwing nets (quivered) {=f!f}
Armour
 b - a +0 kite shield (worn)
 E - a +1 cloak (worn)
 G - +0 steam dragon scales (worn)
 I - a +2 hat of willpower (worn)
 P - a +1 robe of cold resistance
Jewellery
 O - a ring of positive energy (right claw)
 S - an amulet of guardian spirit (around neck)
 U - a ring of see invisible (left claw)
 V - a ring of magical power
Wands
 v - a wand of flame (30)
 x - a wand of charming (5)
 y - a wand of paralysis (17)
Scrolls
 D - 3 scrolls of enchant armour
 M - a scroll of summoning {unknown}
 X - a scroll of fog
 Y - a scroll of blinking {!r}
Potions
 C - 2 potions of degeneration {unknown}
 F - 7 potions of curing
 H - 3 potions of haste
 K - 3 potions of attraction {unknown}
 L - 3 potions of lignification {!q}
 N - 2 potions of might
 Q - a potion of berserk rage {unknown}
 R - 2 potions of brilliance {unknown}
 W - 2 potions of mutation {unknown}
 Z - 2 potions of flight {unknown}
Miscellaneous
 A - a piece from Xom's chessboard (15/15)


   Skills:
 + Level 8.0 Fighting
 - Level 2.4 Dodging
 - Level 9.0 Shields
 * Level 13.0 Unarmed Combat
 * Level 7.2 Invocations
 + Level 0.9 Evocations


You had 11 spell levels left.
You didn't know any spells.
Your spell library contained the following spells:

 Spells                   Type           Power      Damage    Failure   Level
 Magic Dart               Conj           0%         1d3       50%         1
 Blink                    Tloc           0%         N/A       65%         2
 Call Imp                 Summ           0%         N/A       65%         2
 Passwall                 Tmut/Erth      0%         N/A       65%         2
 Lesser Beckoning         Tloc           0%         N/A       86%         3
 Mephitic Cloud           Conj/Pois/Air  0%         N/A       86%         3
 Swiftness                Air            0%         N/A       86%         3
 Hailstorm                Conj/Ice       0%         3d3       99%         4
 Ice Form                 Ice/Tmut       0%         N/A       99%         4
 Summon Lightning Spire   Summ/Air       0%         N/A       99%         4
 Manifold Assault         Tloc           0%         N/A       100%        5
 Simulacrum               Ice/Necr       0%         N/A       100%        6
 Storm Form               Tmut/Air       0%         N/A       100%        7
 Maxwell's Capacitive Co  Air            0%         ∞         100%        8


Dungeon Overview and Level Annotations

Branches:
Dungeon (10/15)            Temple (1/1) D:6             Orc (2/2) D:9
    Elf (0/3) Orc:2
   Lair: D:8-11

Altars:
Ashenzari
Cheibriados
Dithmenos
Fedhas
Gozag
Hepliaklqana
Kikubaaqudgha
Makhleb
Nemelex Xobeh
Okawaru
Qazlal
Ru
Sif Muna
Trog
Uskayaw
Vehumet
Wu Jian
Xom
Yredelemnul
Zin
Beogh

Shops:
D:4 (**=   D:8 =   Orc:1 [   Orc:2 **


Innate Abilities, Weirdness & Mutations

You are too large for most types of armour.
You have claws for hands.
Your natural rate of healing is unusually fast.
You are covered in fur. (AC +1)
You have tough skin. (AC +1)


Message History

Your Unarmed Combat skill increases to level 13!
You scratch the orc knight but do no damage.
The orc knight hits you with a +1 dire flail of protection!
You mangle the orc knight!!
The orc knight is moderately wounded.
You block the orc high priest's attack.
You mangle the orc knight!!
The orc knight is severely wounded.
The orc knight hits you with a +1 dire flail of protection!!
* * * LOW HITPOINT WARNING * * *
You block the orc high priest's attack.
You barely miss the orc knight.
The orc knight is severely wounded.
The orc knight roars a battlecry!
You mangle the orc knight!!
The orc knight is almost dead.
The orc high priest barely misses you. You block the orc knight's attack.
You closely miss the orc knight.
The orc knight is almost dead.
The orc high priest hits you from afar with a +0 trident.
* * * LOW HITPOINT WARNING * * *
You claw the orc knight!
You kill the orc knight!
Qazlal accepts your kill.
The orc high priest hits you from afar with a +0 trident.
* * * LOW HITPOINT WARNING * * *
An orc knight comes into view. It is wielding a +0 dire flail.
The orc knight shouts!
The orc knight hits you with a +0 dire flail!!
* * * LOW HITPOINT WARNING * * *
The orc high priest is struck by lightning.
The orc high priest hits you but does no damage.
The orc high priest is struck by lightning.
The orc high priest hits you but does no damage.
You block the orc knight's attack.
Okay, then.
As you read the scroll of teleportation, it crumbles to dust.
You feel strangely unstable. You block the orc high priest's attack.
The orc knight hits you with a +0 dire flail!!
You die...

.###.....###o..## #...
.#...[[...###.#.## #.#.#
......)[...###..o## #...##
...###.#[..(###...## ##...###
...# ######..###...## ##...###.
...##### ##..###...## ##...###[.
.....#.## ##..###...###...###).#
........# ##..##....#..).##[.##
.......## ##.@#.#...).#)#).###
.......# #######)oo....).))..###.
...##[.###.#..###..§#.#.#...###..
....#<......#..###.........###...
.#.##)..........###..#.#..###.[..
######...........###.....###.[.).
#............###∩.∩###..[...
##.......#....###.###..)....
###...........#####........


You could see an orc knight (strong) and an orc high priest (strong).

Vanquished Creatures
  Jorgrun (D:9)
  Gastronok (D:9)
  Harold (D:8)
  The ghost of p0werm0de the Fighter, a journeyman DsCK of Xom (Orc:1)
  A death knight (D:9)
  Urug (Orc:1)
  A soul eater (Orc:2)
  A sixfirhy (Orc:2)
  Pikel (D:6)
  A deep elf zephyrmancer (Orc:1)
  A deep elf pyromancer (Orc:1)
  4 orc knights
  A troll (Orc:2)
  A hellwing (Orc:2)
  A shadow (D:8)
  A wyvern (D:8)
  5 yaks (D:9)
  4 steam dragons
  Menkaure (D:5)
  Edmund (D:4)
  An acid dragon (D:9)
  A warg (Orc:2)
  2 water moccasins
  A swamp drake (Orc:1)
  27 orc warriors
  A sky beast (D:5)
  Pargi (D:2)
  5 ogres
  A necrophage (D:7)
  A centaur (D:8)
  2 phantoms
  Blork the orc (D:6)
  3 bullfrogs
  2 gnoll sergeants
  A wyvern zombie (D:7)
  2 water moccasin zombies (D:5)
  2 scorpions
  A water moccasin skeleton (D:4)
  A wyvern skeleton (D:7)
  5 howler monkeys
  A crimson imp (Orc:1)
  A centaur skeleton (D:7)
  3 hounds
  24 orc priests
  Crazy Yiuf (D:3)
  2 bullfrog skeletons
  3 jellies
  2 gnoll shamans
  An iron imp (Orc:1)
  3 iguanas
  Ijyb (D:3)
  18 orc wizards
  A killer bee zombie (D:7)
  A hound skeleton (D:4)
  2 howler monkey zombies
  A howler monkey skeleton (D:5)
  8 adders
  14 gnolls
  2 shadow imps
  2 white imps
  An ufetubus (D:6)
  4 worms
  3 dart slugs
  61 orcs
  4 ball pythons
  10 endoplasms
  3 giant cockroaches (D:4)
  6 goblins
  11 hobgoblins
  4 jackals
  4 kobolds
  6 quokkas
  7 bats
  5 rats
311 creatures vanquished.

Vanquished Creatures (others)
  An orc (D:8)
1 creature vanquished.

Grand Total: 312 creatures vanquished

Notes
Turn   | Place    | Note
-------+----------+-------------------------------------------
     0 | D:1      | wakim the Troll Fighter began the quest for the Orb.
     0 | D:1      | Reached XP level 1. HP: 22/22 MP: 0/0
   153 | D:1      | Reached XP level 2. HP: 29/29 MP: 1/1
   591 | D:1      | Found a faded altar of an unknown god.
   711 | D:2      | Reached XP level 3. HP: 32/36 MP: 2/2
   972 | D:2      | Found an iron altar of Okawaru.
  1298 | D:3      | Noticed Pargi
  1434 | D:3      | Reached XP level 4. HP: 39/44 MP: 3/3
  1446 | D:3      | Reached skill level 3 in Unarmed Combat
  1664 | D:3      | Found an opulent altar of Gozag.
  1696 | D:3      | Noticed Ijyb
  1733 | D:3      | Killed Ijyb
  1857 | D:4      | Found Kadghech's Weapon Boutique.
  1903 | D:4      | Found Qizokly's Assorted Antiques.
  1916 | D:4      | Reached XP level 5. HP: 25/50 MP: 1/4
  1947 | D:4      | Bought a scroll of teleportation for 84 gold pieces
  1956 | D:4      | Found Sodauw's General Store.
  2139 | D:4      | Found Tuekk's Jewellery Shoppe.
  2152 | D:4      | Noticed Edmund
  2245 | D:4      | Reached XP level 6. HP: 53/59 MP: 3/5
  2506 | D:4      | Reached skill level 5 in Shields
  2506 | D:4      | Reached skill level 4 in Unarmed Combat
  2543 | D:4      | Reached XP level 7. HP: 46/66 MP: 3/6
  2689 | D:5      | Entered Level 5 of the Dungeon
  2786 | D:5      | Reached skill level 5 in Unarmed Combat
  3165 | D:5      | Reached XP level 8. HP: 74/74 MP: 7/7
  3265 | D:5      | Noticed Menkaure
  3274 | D:5      | Killed Menkaure
  3275 | D:5      | Reached skill level 6 in Unarmed Combat
  3582 | D:5      | Found a sparkling altar of Nemelex Xobeh.
  3583 | D:5      | Found a blossoming altar of Fedhas.
  3665 | D:6      | Noticed Blork the orc
  3736 | D:6      | Noticed Pikel
  3788 | D:6      | Killed Pikel
  3789 | D:6      | Reached skill level 7 in Unarmed Combat
  3845 | D:6      | Found a staircase to the Ecumenical Temple.
  3869 | Temple   | Entered the Ecumenical Temple
  3886 | Temple   | Became a worshipper of Qazlal Stormbringer
  4027 | D:6      | Reached XP level 9. HP: 57/83 MP: 6/8
  4346 | D:6      | Killed Blork the orc
  4494 | D:7      | Found a radiant altar of Vehumet.
  4730 | D:7      | Reached skill level 8 in Unarmed Combat
  4987 | D:7      | Reached * piety under Qazlal
  5350 | D:8      | Found Sooblaub's Jewellery Emporium.
  5663 | D:8      | Found a shimmering blue altar of Sif Muna.
  5766 | D:8      | Reached skill level 9 in Unarmed Combat
  5947 | D:8      | Noticed Harold
  5975 | D:8      | Killed Harold
  5976 | D:8      | Reached skill level 5 in Fighting
  5976 | D:8      | Reached XP level 10. HP: 47/96 MP: 8/9
  6062 | D:8      | Found a sacrificial altar of Ru.
  6138 | D:8      | Found a snail-covered altar of Cheibriados.
  6392 | D:8      | Reached skill level 10 in Unarmed Combat
  6442 | D:9      | Reached ** piety under Qazlal
  6444 | D:9      | Noticed Gastronok
  6871 | D:4      | Killed Edmund
  6982 | D:3      | Found a runed translucent door.
  6983 | D:3      | Noticed Crazy Yiuf
  6988 | D:3      | Killed Crazy Yiuf
  7281 | D:2      | Killed Pargi
  7609 | D:9      | Found an ornate altar of the Wu Jian Council.
  7703 | D:9      | Reached skill level 11 in Unarmed Combat
  7744 | D:9      | Noticed a death knight
  7770 | D:10     | Entered Level 10 of the Dungeon
  7883 | D:9      | Found a staircase to the Orcish Mines.
  7930 | D:9      | Killed Gastronok
  8104 | Orc:1    | Entered Level 1 of the Orcish Mines
  8104 | Orc:1    | Noticed Jorgrun
  8122 | D:9      | Killed Jorgrun
  8123 | D:9      | Reached XP level 11. HP: 73/107 MP: 7/11
  8198 | D:9      | Killed a death knight
  8199 | D:9      | Reached skill level 12 in Unarmed Combat
  8371 | Orc:1    | Reached *** piety under Qazlal
  8422 | Orc:1    | Noticed a deep elf zephyrmancer
  8429 | Orc:1    | Killed a deep elf zephyrmancer
  8441 | Orc:1    | Noticed a deep elf pyromancer
  8453 | Orc:1    | Killed a deep elf pyromancer
  8530 | Orc:2    | Entered Level 2 of the Orcish Mines
  8537 | Orc:2    | Noticed an orc knight
  8555 | Orc:1    | Killed an orc knight
  8698 | Orc:2    | Found a staircase to the Elven Halls.
  8740 | Orc:1    | Noticed an orc knight
  8778 | Orc:1    | Killed an orc knight
  8792 | Orc:1    | Reached skill level 5 in Invocations
  8829 | Orc:1    | Found Axokopug's Armour Shop.
  8940 | Orc:2    | Noticed an orc knight
  8961 | Orc:2    | Killed an orc knight
  9098 | Orc:2    | Reached **** piety under Qazlal
  9665 | Orc:2    | Noticed a soul eater
  9704 | Orc:2    | Killed a soul eater
  9721 | Orc:1    | Noticed Urug
  9746 | Orc:1    | Killed Urug
  9747 | Orc:1    | Reached XP level 12. HP: 81/119 MP: 1/15
  9948 | Orc:1    | Found a runed translucent door.
  9948 | Orc:1    | Noticed p0werm0de's ghost (journeyman DsCK)
  9989 | Orc:1    | Killed p0werm0de's ghost
 10162 | Orc:2    | Found Famasch's General Store.
 10165 | Orc:2    | Found Feraol's General Store.
 10309 | Orc:2    | Noticed an orc high priest
 10327 | Orc:2    | Reached skill level 13 in Unarmed Combat
 10336 | Orc:2    | Mangled by an orc knight

Illustrated notes

Levels and vault maps discovered:
D:1:      minmay_arrival_four_loops, layout_rooms,
          shapermc_ecumenical_altar_notcrosses, chequers_serial_rivers_micro_d
D:2:      layout_loops_ring, basic_altar, minmay_tripent
D:3:      layout_rooms, lemuel_coloured_pillars_altar, uniq_crazy_yiuf_cottage,
          uniq_ijyb, uniq_pargi
D:4:      layout_basic, serial_shops, nicolae_take_the_stairs, shop,
          nicolae_shop_overgrown_old_shop, nicolae_shop_advertising_works
          [nicolae_subvault_shop_adworks], minivault_25, minmay_mini_jars,
          uniq_edmund
D:5:      layout_gridville, gammafunk_temple_overflow_statue, uniq_menkaure
D:6:      layout_cave_pods, minmay_temple_entry_arrows, minmay_misc_feat_rugged,
          minmay_misc_feat_square, uniq_blork_the_orc, uniq_pikel
D:7:      layout_basic, vehumet_altar_wand_db, glass_columns_a,
          grunt_ministairs_8, hangedman_abyss_or_decor_stagger
D:8:      layout_basic, nicolae_ru_sacrificial_ziggurat, cheibriados_altar_1,
          nicolae_overflow_hidden_temple, serial_shops,
          nicolae_shop_hallway_stairs, grunt_ministairs_15, uniq_harold
D:9:      layout_big_octagon, nicolae_wu_jian_wuxing_cycle, grunt_ministairs_13,
          minmay_chambers_of_fives, uniq_gastronok
D:10:     layout_roguey, old_standard_altar, minmay_fractal_squares_diagonal_5
Temple:   cyrus_circular_temple
Orc:1:    layout_caves, serial_shops, shop, gammafunk_ghost_grave,
          hangedman_minor_magic, uniq_jorgrun, uniq_urug
Orc:2:    pf_orc_diabolical, layout_diamond_mine, basic_altar

Skill      XL: |  1  2  3  4  5  6  7  8  9 10 11 12 |
---------------+-------------------------------------+-----
Shields        | 3 4 5 6 7 8 9 |  9.0
Unarmed Combat | 3 4 5 7 9 11 12 13 | 13.0
Fighting       | 3 5 6 7 8 |  8.0
Invocations    | 2 6 7 |  7.2
Dodging        | |  2.4
Evocations     | |  0.9

Action                   |  1- 3 |  4- 6 |  7- 9 | 10-12 || total
-------------------------+-------+-------+-------+-------++-------
Melee: Unarmed           |   119 |   149 |   320 |   541 ||  1129
       Punch             |     1 |     1 |     2 |       ||     4
Invok: Upheaval          |       |       |       |     6 ||     6
Evoke: Wand              |       |       |       |     3 ||     3
  Use: Scroll            |     3 |     1 |     4 |     6 ||    14
       Potion            |     1 |       |       |       ||     1
 Stab: Sleeping          |     1 |       |     1 |       ||     2
Armor: Robe              |    63 |    26 |    54 |    38 ||   181
       Steam dragon scal |       |       |       |    61 ||    61
Dodge: Dodged            |   105 |    56 |    88 |   132 ||   381
       Repelled          |       |       |       |     1 ||     1
Block: Kite shield       |       |       |    99 |   309 ||   408

Table legend: (Time is in decaauts)
 A = Elapsed time spent in this place.
 B = Non-inter-level travel time spent in this place.
 C = Inter-level travel time spent in this place.
 D = Time resting spent in this place.
 E = Time spent auto-exploring this place.
 F = Levels seen in this place.
 G = Mean time per level.
                   A        B        C        D        E       F      G
               +--------+--------+--------+--------+--------+-----+--------+
         Total |  10196 |   8978 |   1218 |    185 |   2088 |  13 |  784.3 |
       Dungeon |   8209 |   7042 |   1167 |    130 |   1477 |  10 |  820.9 |
        Temple |     28 |     18 |     10 |      0 |      0 |   1 |   28.0 |
  Orcish Mines |   1958 |   1917 |     41 |     55 |    611 |   2 |  979.0 |
               +--------+--------+--------+--------+--------+-----+--------+

Top non-repeatable levels by time:
     D:4: 1297 daAuts
   Orc:2: 1255 daAuts
     D:7: 980 daAuts
     D:2: 976 daAuts
     D:5: 964 daAuts
     D:9: 922 daAuts
     D:6: 876 daAuts
     D:8: 856 daAuts
   Orc:1: 703 daAuts
     D:1: 692 daAuts
     D:3: 545 daAuts
    D:10: 96 daAuts
  Temple: 28 daAuts
